 Dungeon Crawl Stone Soup version 0.26-a0-850-g97a50ab700 (webtiles) character file.

Game seed: 8591515176995352079

989 leviel the Skirmisher (level 7, -3/56 HPs)
             Began as a Demonspawn Abyssal Knight on Nov 21, 2020.
             Was a Priest of Lugonu.
             Slain by Harold
             ... wielding a +0 short sword
              (6 damage)
             ... on level 7 of the Dungeon.
             The game lasted 00:18:26 (6994 turns).

leviel the Skirmisher (Demonspawn Abyssal Knight)   Turns: 6994, Time: 00:18:26

Health: -3/56      AC:  8    Str: 14    XL:     7   Next: 98%
Magic:  9/9        EV:  7    Int: 13    God:    Lugonu [***...]
Gold:   171        SH:  7    Dex: 13    Spells: 6/6 levels left

rFire    + . .     SeeInvis +   a - +2 falchion
rCold    . . .     Faith    .   f - +0 kite shield
rNeg     . . .     Spirit   .   d - +0 scale mail
rPois    .         Reflect  .   (helmet restricted)
rElec    .         Harm     .   l - +0 cloak
rCorr    .         Rampage  .   (no gloves)
MR       +....                  (no boots)
Stlth    ..........             (no amulet)
HPRegen  0.18/turn              h - ring of protection from magic
MPRegen  0.11/turn              v - ring of see invisible

@: mighty, marked
A: claws 2, horns 1, demonic guardian 1, fire resistance 1
a: Depart the Abyss, Bend Space, Banish, Renounce Religion


You were on level 7 of the Dungeon.
You worshipped Lugonu.
Lugonu was most pleased with you.
You visited 1 branch of the dungeon, and saw 7 of its levels.
You visited the Abyss 1 time.

You collected 391 gold pieces.
You spent 220 gold pieces at shops.

Inventory:

Hand Weapons
 a - a +2 falchion (weapon)
Armour
 d - a +0 scale mail (worn)
 f - a +0 kite shield (worn)
 l - a +0 cloak (worn)
Jewellery
 h - a ring of protection from magic (left claw)
 n - an uncursed ring of magical power
 v - a ring of see invisible (right claw)
Scrolls
 b - 3 scrolls of remove curse
 c - 5 scrolls of teleportation
 e - 2 scrolls of blinking
 g - 2 scrolls of magic mapping
 j - a scroll of immolation
 k - a scroll of enchant armour
 p - a scroll of amnesia
 q - a scroll of fog
 s - 2 scrolls of identify
 t - a scroll of fear
 u - a scroll of summoning {unknown}
Potions
 i - 2 potions of might
 m - a potion of cancellation {unknown}
 o - 2 potions of flight {unknown}


   Skills:
 * Level 5.5 Fighting
 + Level 5.2 Long Blades
 + Level 4.3 Armour
 + Level 2.1 Dodging
 + Level 1.3 Stealth
 * Level 3.6 Invocations


You had 6 spell levels left.
You didn't know any spells.
Your spell library contained the following spells:

 Spells                   Type           Power        Failure   Level
 Animate Skeleton         Necr           #.....       100%        1
 Apportation              Tloc           #.....       100%        1
 Corona                   Hex            #......      100%        1
 Summon Small Mammal      Summ           #...         100%        1


Dungeon Overview and Level Annotations

Branches:
Dungeon (7/15)             Temple (0/1) D:6

Altars:
Fedhas
Hepliaklqana
Kikubaaqudgha
Okawaru
Ru
Trog

Shops:
D:4 !

Annotations:
D:7 Harold


Innate Abilities, Weirdness & Mutations

You have very sharp fingernails.
You have a pair of small horns on your head.
A weak demonic guardian rushes to your aid.
Your flesh is heat resistant. (rF+)


Message History

The harpoon shot misses your ufetubus. The harpoon shot hits you!
You are yanked forward by the harpoon shot.
You collide with your ufetubus!
Your ufetubus dies!
You feel better. Harold fires a harpoon shot at you.
The harpoon shot hits you!!
You are yanked forward by the harpoon shot.
You hit Harold.
Harold is lightly wounded.
Harold hits you with a +0 short sword!
* * * LOW HITPOINT WARNING * * *
Harold hits you but does no damage.
You closely miss Harold. Harold hits you with a +0 short sword!
* * * LOW HITPOINT WARNING * * *
You feel better. Harold hits you with a +0 short sword.
* * * LOW HITPOINT WARNING * * *
You feel very mighty all of a sudden. Harold hits you with a +0 short sword.
You die...

##...#..#..##..###.##.####..#
#################.##########
#..............
#.....>......<.
####+####.#####.. #....####(#
#........# #....(...#
#@@......# #........#
#..####+## ####


You could see Harold.

Vanquished Creatures
  Eustachio (D:4)
  A phantom (D:5)
  A centaur (D:7)
  A bullfrog (D:5)
  A water moccasin zombie (D:6)
  A scorpion (D:6)
  2 hounds
  An orc priest (D:6)
  An iguana (D:6)
  Natasha (thrice) (D:3)
  A worker ant (D:5)
  A hound skeleton (D:4)
  4 gnolls (D:6)
  7 adders
  An ufetubus (D:4)
  An ooze (D:2)
  An adder zombie (D:5)
  3 worms
  2 dart slugs
  3 leopard geckos
  8 orcs
  A giant cockroach (D:3)
  7 goblins
  9 hobgoblins
  7 jackals
  7 kobolds
  4 quokkas
  11 bats
  4 frilled lizards
  A quokka zombie (D:5)
  8 rats
104 creatures vanquished.

Vanquished Creatures (collateral kills)
  An ogre (D:4)
  An orc priest (D:3)
  2 orc wizards
  Jessica (D:3)
  A white imp (D:6)
  2 orcs (D:3)
8 creatures vanquished.

Grand Total: 112 creatures vanquished

Notes
Turn   | Place    | Note
-------+----------+-------------------------------------------
     0 | Abyss:1  | leviel the Demonspawn Abyssal Knight began the quest for
                  | the Orb.
     0 | Abyss:1  | Reached XP level 1. HP: 18/18 MP: 2/2
     0 | D:1      | Escaped the Abyss
   328 | D:1      | Gained mutation: Your flesh is heat resistant. (rF+)
                  | [demonic ancestry]
   328 | D:1      | Reached XP level 2. HP: 23/24 MP: 3/3
   332 | D:1      | Reached skill level 1 in Dodging
   427 | D:1      | Reached * piety under Lugonu
  1020 | D:2      | Gained mutation: A weak demonic guardian rushes to your
                  | aid. [demonic ancestry]
  1020 | D:2      | Reached XP level 3. HP: 13/29 MP: 5/5
  1412 | D:2      | Found a faded altar of an unknown god.
  1537 | D:2      | Reached ** piety under Lugonu
  1737 | D:3      | Noticed Natasha
  1743 | D:3      | Killed Natasha
  1744 | D:3      | Gained mutation: You have a pair of small horns on your
                  | head. [demonic ancestry]
  1744 | D:3      | Reached XP level 4. HP: 31/37 MP: 6/6
  1782 | D:3      | Noticed Natasha
  1789 | D:3      | Killed Natasha
  1945 | D:3      | Noticed Jessica
  1953 | D:3      | Killed Jessica
  2023 | D:3      | Gained mutation: You have sharp fingernails. [demonic
                  | ancestry]
  2023 | D:3      | Reached XP level 5. HP: 22/42 MP: 7/7
  2304 | D:3      | Noticed Natasha
  2310 | D:3      | Killed Natasha
  2480 | D:3      | You fall into a shaft and drop 2 floors!
  2480 | D:5      | Entered Level 5 of the Dungeon
  2747 | D:5      | Noticed a phantom
  2790 | D:5      | Killed a phantom
  2791 | D:5      | Reached XP level 6. HP: 18/49 MP: 8/8
  3003 | D:5      | Found an ancient bone altar of Kikubaaqudgha.
  3618 | D:5      | Found a hazy altar of Hepliaklqana.
  3618 | D:5      | Found a bloodstained altar of Trog.
  3738 | D:5      | Found an iron altar of Okawaru.
  4021 | D:4      | Found Huchuj's Distillery.
  4024 | D:4      | Bought a potion of heal wounds for 55 gold pieces
  4024 | D:4      | Bought a potion of curing for 33 gold pieces
  4024 | D:4      | Bought a potion of mutation for 88 gold pieces
  4024 | D:4      | Bought a potion of might for 44 gold pieces
  4142 | D:4      | Noticed Eustachio
  4159 | D:4      | Killed Eustachio
  4160 | D:4      | Reached skill level 5 in Fighting
  4160 | D:4      | Gained mutation: You have very sharp fingernails. [demonic
                  | ancestry]
  4160 | D:4      | Reached XP level 7. HP: 48/56 MP: 9/9
  5348 | D:3      | Reached *** piety under Lugonu
  5538 | D:6      | Found a staircase to the Ecumenical Temple.
  5703 | D:6      | Reached skill level 5 in Long Blades
  5703 | D:6      | Reached skill level 1 in Stealth
  6504 | D:6      | Found a sacrificial altar of Ru.
  6575 | D:6      | Found a blossoming altar of Fedhas.
  6985 | D:7      | Noticed Harold
  6992 | D:7      | HP: 1/56 [Harold/+0 short sword (9)]
  6994 | D:7      | Slain by Harold

Illustrated notes

Levels and vault maps discovered:
D:1:      noname_arrival_rooms_in_the_neighbourhood, layout_loops_cross
D:2:      layout_loops_cross, chequers_ecumenical_altar_simple
D:3:      layout_basic, dk_noncrumbling_4, uniq_natasha, uniq_jessica
D:4:      layout_basic, serial_shops, kennysheep_mini, minmay_misc_feat_tower,
          uniq_eustachio
D:5:      layout_loops_ring, gammafunk_temple_overflow_wave,
          lemuel_doored_altar, okawaru_ov_weapons_minmay
D:6:      layout_basic, kennysheep_little_box, minmay_temple_entry_mini_moons,
          basic_altar, minmay_misc_feat_alley
D:7:      layout_gridville, enter_bailey_2, uniq_harold

Skill      XL: |  1  2  3  4  5  6  7 |
---------------+----------------------+-----
Dodging        | 1 2 |  2.1
Long Blades    | 2 3 4 5 |  5.2
Armour         | 2 3 4 |  4.3
Fighting       | 4 5 |  5.5
Stealth        | 1 |  1.3
Invocations    | 3 |  3.6

Action                   |  1- 3 |  4- 6 |  7- 9 || total
-------------------------+-------+-------+-------++-------
Melee: Falchion          |    92 |   161 |   108 ||   361
       Headbutt          |       |    27 |    17 ||    44
Invok: Depart the Abyss  |     1 |       |       ||     1
  Use: Scroll            |     6 |     5 |     2 ||    13
       Potion            |       |       |     7 ||     7
 Stab: Sleeping          |     1 |       |       ||     1
       Distracted        |       |     1 |     1 ||     2
Armor: Leather armour    |    44 |       |       ||    44
       Scale mail        |     3 |    79 |    42 ||   124
Dodge: Dodged            |    79 |    83 |    52 ||   214
Block: Kite shield       |       |       |     1 ||     1
       Rpst.: Falchion   |    27 |    28 |     8 ||    63

Table legend: (Time is in decaauts)
 A = Elapsed time spent in this place.
 B = Non-inter-level travel time spent in this place.
 C = Inter-level travel time spent in this place.
 D = Time resting spent in this place.
 E = Time spent auto-exploring this place.
 F = Levels seen in this place.
 G = Mean time per level.
                   A        B        C        D        E       F      G
               +--------+--------+--------+--------+--------+-----+--------+
         Total |   7028 |   6820 |    208 |   1587 |   4347 |   8 |  878.5 |
       Dungeon |   7028 |   6820 |    208 |   1587 |   4347 |   7 | 1004.0 |
         Abyss |      0 |      0 |      0 |      0 |      0 |   1 |    0.0 |
               +--------+--------+--------+--------+--------+-----+--------+

Top non-repeatable levels by time:
     D:5: 1459 daAuts
     D:6: 1417 daAuts
     D:4: 1243 daAuts
     D:3: 1099 daAuts
     D:1: 957 daAuts
     D:2: 795 daAuts
     D:7: 55 daAuts
